 Dungeon Crawl Stone Soup version 0.23.0 (webtiles) character file.

Game seed: 4756323885913641776

32 Semilg the Magician (level 3, -1/27 HPs)
             Began as a Draconian Wizard on Feb 18, 2019.
             Slain by a worm (3 damage)
             ... while paralysed
             ... on level 2 of the Dungeon.
             The game lasted 00:13:23 (1693 turns).

Semilg the Magician (Draconian Wizard)              Turns: 1693, Time: 00:13:23

Health: -1/27      AC:  5    Str: 10    XL:     3   Next: 8%
Magic:  7/7        EV:  2    Int: 18    God:
Gold:   31         SH:  0    Dex:  9    Spells: 5/8 levels left

rFire    + . .     SeeInvis .   b - +0 short sword
rCold    + . .     Gourm    .   (no shield)
rNeg     . . .     Faith    .   (armour unavailable)
rPois    +         Spirit   .   a - +0 hat
rElec    +         Reflect  .   (no cloak)
rCorr    +         Harm     .   (no gloves)
MR       .....                  (no boots)
Stlth    ++........             o - amulet of inaccuracy (curse)
HPRegen  0.09/turn              (no ring)
MPRegen  0.10/turn              (no ring)

@: paralysed, resistant, fainting
A: unfitting armour, cold-blooded, AC +5
a: no special abilities


You were on level 2 of the Dungeon.
You were fainting.

You visited 1 branch of the dungeon, and saw 2 of its levels.

You collected 31 gold pieces.

Inventory:

Hand Weapons
 b - a +0 short sword (weapon)
 d - a +0 dagger
 e - a +0 short sword
 f - a +0 spear
 i - a +0 club
 j - a +0 short sword
 k - a +1 dagger of venom
 l - a +0 club
 n - a +0 club
Armour
 a - a +0 hat (worn)
 q - a +0 chain mail
Jewellery
 m - an uncursed amulet of magic regeneration
 o - a cursed amulet of inaccuracy (around neck)
Scrolls
 g - a scroll of remove curse {unknown}
 p - a scroll of immolation {unknown}
 r - a scroll of fog {unknown}
Potions
 h - a potion of resistance
Comestibles
 c - 4 rations


   Skills:
 + Level 0.4 Fighting
 + Level 1.0 Short Blades
 + Level 1.9 Dodging
 + Level 2.1 Stealth
 + Level 0.4 Unarmed Combat
 + Level 3.4 Spellcasting
 + Level 1.0 Conjurations
 + Level 1.0 Summonings
   Level 1.0 Translocations


You had 5 spell levels left.
You knew the following spells:

 Your Spells              Type           Power        Failure   Level  Hunger
a - Magic Dart            Conj           #...         11%         1    None
b - Call Imp              Summ           #.......     16%         2    ##.....

Your spell library contained the following spells:

 Spells                   Type           Power        Failure   Level  Hunger
 Blink                    Tloc           N/A          16%         2    ##.....
 Slow                     Hex            #.......     24%         2    ##.....
 Conjure Flame            Conj/Fire      #.......     36%         3    ###....
 Mephitic Cloud           Conj/Pois/Air  #.......     38%         3    ###....


Dungeon Overview and Level Annotations

Branches:
Dungeon (2/15)

Altars:


Innate Abilities, Weirdness & Mutations

Your plain brown scales are hard. (AC +5)
You cannot fit into any form of body armour.
You are cold-blooded and may be slowed by cold attacks.


Message History

The worm barely misses you.
You hit the worm but do no damage.
The worm is lightly wounded.
The worm misses you.
You don't have the energy to cast that spell.
The kobold throws a stone.
The stone hits you.
* * * LOW HITPOINT WARNING * * *
You see here a stone.
The kobold throws a stone.
The stone hits you but does no damage.
The kobold throws a stone.
The stone hits you but does no damage.
You see here a stone.
You lose consciousness!
You can move again.
The frilled lizard unfolds its giant frill.
You lose consciousness!
The worm bites you.
* * * LOW HITPOINT WARNING * * *
The frilled lizard unfolds its giant frill.
The worm bites you.
You die...

#### #########.##
#... ##.##...Kl...
###...#####.>.#.#
##.......##..<.K.#
.......@.###...#.#
##.....Kw####.##.#
#.#....l..(.(...#
#...######.####
##.# #+# #. .. .##
..


You could see a worm, a kobold and a frilled lizard.

Vanquished Creatures
  A dart slug (D:1)
  2 ball pythons (D:1)
  3 bats (D:1)
  5 giant cockroaches (D:1)
  3 hobgoblins (D:1)
  A quokka (D:1)
  A frilled lizard (D:2)
  3 goblins (D:1)
  4 kobolds (D:1)
  4 rats (D:1)
27 creatures vanquished.

Notes
Turn   | Place    | Note
-------+----------+-------------------------------------------
     0 | D:1      | Semilg the Draconian Wizard began the quest for the Orb.
     0 | D:1      | Reached XP level 1. HP: 14/14 MP: 4/4
   426 | D:1      | Reached XP level 2. HP: 11/20 MP: 6/6
   655 | D:1      | Learned a level 2 spell: Call Imp
  1489 | D:1      | Reached XP level 3. HP: 27/27 MP: 7/7
  1494 | D:1      | Reached skill level 1 in Short Blades
  1681 | D:2      | Paralysed by fainting for 6 turns
  1690 | D:2      | Paralysed by fainting for 7 turns
  1693 | D:2      | Slain by a worm

Skill      XL: |  1  2  3 |
---------------+----------+-----
Stealth        | 2 |  2.1
Short Blades   | 1 |  1.0
Fighting       | |  0.4
Dodging        | |  1.9
Unarmed Combat | |  0.4
Spellcasting   | |  3.4
Conjurations   | |  1.0
Summonings     | |  1.0
Translocations | |  1.0

Action                   || total
-------------------------++-------
Melee: Unarmed           ||    86
       Tailslap          ||    11
       Short sword       ||    78
 Cast: Magic Dart        ||    19
  Use: Potion            ||     1
 Stab: Sleeping          ||     3
Armor: Skin              ||    47
Dodge: Dodged            ||   114
